Description

ZvT

Replay - Catalyst LE (TvZ) Saltking 3 base baneling bust

Build Order

Get SALT Encoding   

  12  0:01  Drone  
  13  0:12  Overlord  
  13  0:18  Drone  
  14  0:31  Drone x3  
  17  0:52  Hatchery  
  17  0:55  Drone x2  
  18  1:09  Extractor  
  17  1:15  Spawning Pool  
  17  1:17  Drone x2  
  18  1:29  Drone  
  19  1:39  Overlord  
  20  2:02  Zergling x4  
  20  2:03  Queen x2  
  28  2:15  Metabolic Boost  
  31  2:40  Hatchery  
  32  2:55  Overlord  
  32  2:58  Zergling x2  
  32  3:03  Baneling Nest  
  32  3:06  Zergling x4  
  32  3:12  Zergling x10  
  35  3:18  Overlord  
  44  3:46  Baneling x2  
  57  4:21  Baneling x4  
  56  4:36  Overlord  
Spawning Tool Build Advisor. Get it on Overwolf

Go to:

Details

  • Created by: silverhorn  
  • Published on: Jul 07, 2018
  • Modified on: Jul 07, 2018
  • Patch: 4.0.0
Show
View Real Time Build Order
Export as new Build Order

Comments (0)

There are no comments. Be the first!

Create an account to comment!